 Dungeon Crawl Stone Soup version 0.30-a0-29-g142975f185 (webtiles) character file.

Game seed: 12136068944830552581

3035 kae the Firebug (level 9, -2/72 HPs)
             Began as a Demigod Fire Elementalist on Aug 25, 2022.
             Slain by an eight-headed hydra (14 damage)
             ... on level 8 of the Dungeon.
             The game lasted 00:05:58 (9406 turns).

kae the Firebug (Demigod Fire Elementalist)         Turns: 9406, Time: 00:05:59

Health: -2/72      AC:  3    Str:  9    XL:     9   Next: 31%
Magic:  19/19      EV: 14    Int: 35    God:
Gold:   417        SH:  0    Dex: 14    Spells: 0/16 levels left

rFire   . . .      SeeInvis +    h - +1 spear (flame)
rCold   . . .      Faith    .    (no shield)
rNeg    . . .      Spirit   .    a - +1 robe
rPois   .          Reflect  .    (no helmet)
rElec   .          Harm     .    (no cloak)
rCorr   .          Rampage  .    (no gloves)
Will    .....                    (no boots)
Stlth   ++........               (no amulet)
HPRegen 0.22/turn                I - +6 ring of intelligence
MPRegen 0.16/turn                v - ring of see invisible

@: no status effects
A: high MP 1, forlorn, divine attributes
a: no special abilities


You were on level 8 of the Dungeon.
You visited 1 branch of the dungeon, and saw 8 of its levels.
You also visited: Sewer.

You collected 417 gold pieces.


Innate Abilities, Weirdness & Mutations

You have an increased reservoir of magic. (+10% MP)
You shall have no god before yourself.
Your divine heritage dramatically boosts your attributes as you level up.


   Skills:
 + Level 4.3 Fighting
 + Level 4.8 Dodging
 - Level 1.7 Stealth
 + Level 4.4 Spellcasting
 * Level 6.6 Conjurations
 * Level 7.1 Fire Magic


You couldn't memorise any spells.
You knew the following spells:

 Your Spells              Type           Power      Damage    Failure   Level
a - Foxfire               Conj/Fire      100%       2x1d9     1%          1
b - Scorch                Fire           100%       2d10      1%          2
c - Conjure Flame         Conj/Fire      54%        6-21      1%          3
d - Inner Flame           Hex/Fire       32%        N/A       3%          3
e - Flame Wave            Conj/Fire      54%        2d13      2%          4
f - Swiftness             Air            7%         N/A       13%         3

Your spell library contained the following spells:

 Spells                   Type           Power      Damage    Failure   Level
 Shock                    Conj/Air       100%       1d9       1%          1
 Sticky Flame             Conj/Fire      54%        2d7       2%          4
 Ignite Poison            Fire/Tmut/Pois 24%        N/A       4%          3
 Airstrike                Air            3%         2d(1-17)  41%         4
 Cause Fear               Hex            3%         N/A       41%         4
 Conjure Ball Lightning   Conj/Air       15%        3x3d6     86%         6
 Summon Cactus Giant      Summ           3%         N/A       100%        6
 Discord                  Hex            3%         N/A       100%        8
 Disjunction              Tloc           3%         N/A       100%        8

Inventory:

Hand Weapons
 h - a +1 spear of flaming (weapon)
   (You found it on level 2 of the Dungeon)
Missiles
 d - 5 boomerangs
 f - 2 throwing nets {=f!f}
 k - 77 stones
 y - 4 poisoned darts
Armour
 a - a +1 robe (worn)
Magical Staves
 n - a staff of poison {!a}
   (You found it on level 1 of the Dungeon)
Jewellery
 o - a +4 ring of protection
   (You took it off an orc wizard on level 6 of the Dungeon)
 v - a ring of see invisible (right hand)
   (You found it on level 1 of the Dungeon)
 I - a +6 ring of intelligence (left hand)
   (You found it on level 1 of the Dungeon)
 O - a +4 ring of protection
   (You found it on level 5 of the Dungeon)
 R - a ring of resist corrosion
   (You found it on level 8 of the Dungeon)
 S - a +6 ring of strength
   (You found it on level 3 of the Dungeon)
 Y - a +4 ring of slaying
   (You found it on level 5 of the Dungeon)
 Z - a ring of wizardry
   (You found it on level 3 of the Dungeon)
Wands
 w - a wand of roots (6)
   (You found it on level 3 of the Dungeon)
Scrolls
 e - 2 scrolls of noise {!r}
 j - 2 scrolls of immolation {!r!r}
 r - a scroll of magic mapping {!r}
 s - 3 scrolls of vulnerability {!r!r}
 u - 3 scrolls of teleportation {@r4}
 A - a scroll of summoning {unknown}
Potions
 b - 2 potions of magic
 c - a potion of flight
 g - 3 potions of attraction {!q}
 i - 3 potions of resistance
 l - 2 potions of cancellation
 m - 2 potions of degeneration {!q}
 p - 3 potions of might
 q - 4 potions of heal wounds {unknown}
 t - 4 potions of curing {@q1}
 x - 3 potions of mutation {!q}
 z - 2 potions of ambrosia
 B - 2 potions of lignification {!q}

Dungeon Overview and Level Annotations

Branches:
Dungeon (8/15) Zot: 26794  Temple (0/1) D:5           Sewer (visited)
   Lair: D:8-11

Annotations:
D:6 2 transporters, KleinerIrrer's ghost, novice DjCj
D:7 4 runed translucent doors, Crazy Yiuf; Pim's ghost, novice DjIE

#........#.#####..<#
#.###.####.#####..#.##
#.###............###)#
#[....##########..#.#####
#.###.# #.#.##...# #.# #.#
#.#.##...###
#.###.##########..........######
#..............#†###............
#####.#######...@# #......###
......# #....D###....### .######
#............# .# #........#####
.# #.......## .# #.###.#[#
.######### #.# #.#.#
.........###.###.#.#
########.........#..


You could see an eight-headed hydra.


Message History

Confirm with . or Enter, or press ? or * to list all spells.
Flames lash the black bear.
The black bear's fire resistance burns away. 😎 MP[-2]
You lost 2 mp, and now have 13/19 mp.
Casting: Scorch (safe; 1% risk of failure)
Confirm with . or Enter, or press ? or * to list all spells.
Flames lash the black bear.
The black bear is burned terribly!
You kill the black bear!
A bullfrog comes into view. 😎 MP[-1]
You lost 1 mp, and now have 12/19 mp.
Casting: Scorch (safe; 1% risk of failure)
Confirm with . or Enter, or press ? or * to list all spells.
Flames lash the bullfrog.
The bullfrog gives a loud, deep croak!
The bullfrog's fire resistance burns away.
The bullfrog hits you but does no damage.
The bullfrog hits you. 😕 HP[-2] MP[-2]
You take 2 damage, and now have 69/71 hp.
You lost 2 mp, and now have 10/19 mp.
A bullfrog is nearby!
Casting: Scorch (safe; 1% risk of failure)
Confirm with . or Enter, or press ? or * to list all spells.
Flames lash the bullfrog.
The bullfrog is burned terribly!
You kill the bullfrog! 😕 HP[+1] MP[-2]
You lost 2 mp, and now have 8/19 mp.
Casting: Scorch (safe; 1% risk of failure)
Confirm with . or Enter, or press ? or * to list all spells.
You can't see any susceptible monsters within range! (Use Z to cast anyway.)
Things that are here:
a black bear corpse; a bullfrog corpse
A - a scroll labelled CUXTUKL XAIKKE 😎 HP[+1] MP[+11]
Your hp is fully restored (71).
Your mp is fully restored (19).
R - a ring of resist corrosion A jelly comes into view.
A jelly is nearby!
A jelly is nearby!
A jelly is nearby!
Casting: Scorch (safe; 1% risk of failure)
Confirm with . or Enter, or press ? or * to list all spells.
You conjure some foxfire!
The jelly quivers.
The foxfire hits the jelly! 😎 MP[-1]
You lost 1 mp, and now have 18/19 mp.
Casting: Foxfire (safe; 1% risk of failure)
Confirm with . or Enter, or press ? or * to list all spells.
You conjure some foxfire!
The foxfire hits the jelly.
The foxfire hits the jelly!
You kill the jelly! 😎 HP[+1] MP[-1]
You now have 72 max hp (+1).
Your hp is fully restored (72).
You lost 1 mp, and now have 17/19 mp.
Casting: Foxfire (safe; 1% risk of failure)
Confirm with . or Enter, or press ? or * to list all spells.
You conjure some foxfire! 😎 MP[-1]
You lost 1 mp, and now have 16/19 mp.
Casting: Foxfire (safe; 1% risk of failure)
Confirm with . or Enter, or press ? or * to list all spells.
You can't see any susceptible monsters within range! (Use Z to cast anyway.)
You see here a +0 robe.
Found an escape hatch in the floor. 😎 MP[+3]
Your mp is fully restored (19).
Found an escape hatch in the ceiling.
An eight-headed hydra comes into view.
The eight-headed hydra moves out of view.
An eight-headed hydra is nearby!
An eight-headed hydra is nearby!
Things that are here:
a black bear corpse; a bullfrog corpse
There is a stone staircase leading up here.
You climb upwards.
Level annotation: 4 runed translucent doors, Crazy Yiuf; Pim's ghost, novice DjIE
There is a stone staircase leading down here.
There is an escape hatch in the floor here.
There is a stone staircase leading down here.
You climb downwards.
The eight-headed hydra bites you!
The eight-headed hydra completely misses you.
The eight-headed hydra bites you. The eight-headed hydra bites you!
The eight-headed hydra barely misses you. x2
The eight-headed hydra bites you!
* * * LOW HITPOINT WARNING * * *
The eight-headed hydra bites you.
* * * LOW HITPOINT WARNING * * *
The eight-headed hydra barely misses you.
The eight-headed hydra bites you.
* * * LOW HITPOINT WARNING * * *
The eight-headed hydra bites you!
* * * LOW HITPOINT WARNING * * *
The eight-headed hydra misses you. The eight-headed hydra bites you!
* * * LOW HITPOINT WARNING * * *
The eight-headed hydra bites you but does no damage.
The eight-headed hydra bites you!
You die...

Skill      XL: |  1  2  3  4  5  6  7  8  9 |
---------------+----------------------------+-----
Conjurations   | 1 2 3 4 6 |  6.6
Fire Magic     | 3 4 5 6 7 |  7.1
Dodging        | 2 3 4 |  4.8
Spellcasting   | 2 3 4 |  4.4
Fighting       | 1 2 3 4 |  4.3
Stealth        | |  1.7

Action                   |  1- 3 |  4- 6 |  7- 9 || total
-------------------------+-------+-------+-------++-------
Melee: Spear             |       |     6 |       ||     6
 Cast: Foxfire           |   103 |   100 |    95 ||   298
       Scorch            |     3 |    19 |    70 ||    92
       Conjure Flame     |       |       |     5 ||     5
Evoke: Wand              |       |     1 |       ||     1
  Use: Scroll            |     7 |    10 |     1 ||    18
Armor: Robe              |     3 |     7 |     8 ||    18
Dodge: Dodged            |    13 |    31 |    53 ||    97

Levels and vault maps discovered:
D:1:      dpeg_arrival_pond, layout_basic, minmay_misc_feat_secret_circle,
          kennysheep_crisscross, minmay_tromino_v7
D:2:      layout_loops_ring, small_statue_intersection, serial_bayou_pond_d
D:3:      layout_basic, ebering_ecumenical_altar_petrified
D:4:      layout_rooms, nicolae_eternal_life
D:5:      layout_rooms, mainiacjoe_overflow_alcove_1,
          minmay_temple_entry_drinking_statues, portal_sewer_entry_b,
          serial_bayou_lagoon_a, minmay_misc_feat_ornament
D:6:      layout_rooms, gammafunk_ghost_smash, minmay_increasing_density,
          uniq_menkaure
D:7:      layout_rooms, gammafunk_ghost_nasty_kobolds, david_defended_altar_orc,
          uniq_crazy_yiuf_cottage
D:8:      layout_loops_ring, minmay_misc_feat_nine_boxes

Notes
Turn   | Place    | Note
-------+----------+-------------------------------------------
     0 | D:1      | kae the Demigod Fire Elementalist began the quest for the
                  | Orb.
     0 | D:1      | Reached XP level 1. HP: 14/14 MP: 5/5
     0 | D:1      | magus.rc [v1.11.3]
    50 | D:1      | Reached skill level 1 in Conjurations
   457 | D:1      | Reached XP level 2. HP: 20/20 MP: 4/7
   489 | D:1      | You add the spells Ignite Poison and Sticky Flame to your
                  | library.
   512 | D:1      | Reached skill level 3 in Fire Magic
   540 | D:1      | You pick up a book of Chaos and begin reading...
   540 | D:1      | You add the spells Conjure Ball Lightning, Disjunction and
                  | Discord to your library.
   763 | D:1      | Reached skill level 2 in Dodging
   916 | D:1      | Learned a level 2 spell: Scorch
  1541 | D:2      | Reached XP level 3. HP: 27/27 MP: 6/8
  1874 | D:2      | Reached skill level 2 in Spellcasting
  2045 | D:2      | Reached skill level 2 in Conjurations
  2227 | D:2      | You pick up a book of Air and begin reading...
  2227 | D:2      | You add the spells Shock, Swiftness and Airstrike to your
                  | library.
  2556 | D:3      | Reached XP level 4. HP: 26/34 MP: 3/9
  2619 | D:3      | Identified the +1 ring mail of Teylithrarch {Regen+}
  3397 | D:3      | Reached skill level 1 in Fighting
  3917 | D:4      | Learned a level 3 spell: Conjure Flame
  3943 | D:4      | Reached XP level 5. HP: 40/40 MP: 7/11
  4524 | D:5      | Entered Level 5 of the Dungeon
  4542 | D:5      | Noticed a centaur
  4737 | D:4      | Killed a centaur
  4738 | D:4      | Reached skill level 3 in Conjurations
  4738 | D:4      | Reached skill level 4 in Fire Magic
  4840 | D:5      | Reached XP level 6. HP: 48/48 MP: 9/12
  4885 | D:5      | Reached skill level 2 in Fighting
  4947 | D:5      | Reached skill level 3 in Dodging
  4956 | D:5      | Found a staircase to the Ecumenical Temple.
  4974 | D:5      | Found a glowing drain.
  5028 | Sewer    | Entered a sewer
  5531 | D:5      | Reached skill level 4 in Conjurations
  5531 | D:5      | Reached XP level 7. HP: 56/56 MP: 11/14
  5672 | D:5      | Reached skill level 3 in Spellcasting
  5672 | D:5      | Reached skill level 5 in Fire Magic
  6190 | D:6      | Noticed Menkaure
  6202 | D:6      | Killed Menkaure
  6384 | D:6      | HP: 10/56 [gnoll sergeant/+0 trident (11)]
  6706 | D:6      | Reached skill level 3 in Fighting
  6706 | D:6      | Reached XP level 8. HP: 63/63 MP: 6/16
  6842 | D:6      | Reached skill level 5 in Conjurations
  6957 | D:6      | Reached skill level 4 in Dodging
  7057 | D:6      | Reached skill level 6 in Fire Magic
  7228 | D:6      | Found a transporter.
  7228 | D:6      | Noticed KleinerIrrer's ghost (novice DjCj)
  7230 | D:6      | Found a transporter.
  7231 | D:6      | Identified the +2 dire flail of the Cup {spect, Str+4
                  | Stlth+}
  7537 | D:6      | You pick up a book of Scorching and begin reading...
  7719 | D:7      | Learned a level 3 spell: Inner Flame
  7724 | D:7      | Learned a level 4 spell: Flame Wave
  7739 | D:7      | You pick up a book of Hexes and begin reading...
  7929 | D:7      | Found a runed translucent gate.
  7930 | D:7      | Found a runed translucent gate.
  7931 | D:7      | Found a runed translucent gate.
  7931 | D:7      | Noticed Pim's ghost (novice DjIE)
  7933 | D:7      | Noticed a kobold demonologist
  7949 | D:7      | Reached skill level 4 in Spellcasting
  8007 | D:7      | Reached skill level 6 in Conjurations
  8075 | D:7      | Reached XP level 9. HP: 46/71 MP: 8/18
  8138 | D:7      | Reached skill level 4 in Fighting
  8420 | D:7      | HP: 7/71 [troll (11)]
  8873 | D:7      | Reached skill level 7 in Fire Magic
  9106 | D:7      | Found a runed translucent door.
  9107 | D:7      | Noticed Crazy Yiuf
  9191 | D:7      | Learned a level 3 spell: Swiftness
  9373 | D:8      | Noticed an eight-headed hydra
  9406 | D:8      | HP: 12/72 [eight-headed hydra (7)]
  9406 | D:8      | Slain by an eight-headed hydra

Vanquished Creatures
  A troll (D:7)
  Menkaure (D:6)
  A water moccasin (D:7)
  2 sky beasts
  2 black bears
  An ice beast (D:6)
  2 ogres
  3 centaurs
  A phantom (D:5)
  3 bullfrogs
  A gnoll sergeant (D:6)
  3 scorpions
  4 wights (D:6)
  A howler monkey (D:6)
  3 orc priests (D:7)
  5 hounds
  11 jellies
  3 iguanas (D:6)
  3 orc wizards
  4 river rats
  10 adders
  2 white imps (D:5)
  An ufetubus (D:5)
  A worm (D:5)
  2 dart slugs
  7 orcs
  9 ball pythons
  23 endoplasms
  9 giant cockroaches
  6 goblins
  5 hobgoblins
  A jackal (D:1)
  4 kobolds
  5 quokkas
  5 bats
  4 frilled lizards
  9 rats
158 creatures vanquished.

Vanquished Creatures (collateral kills)
  4 foxfires
4 creatures vanquished.

Vanquished Creatures (others)
  471 foxfires
  2 fungi (D:7)
  13 plants
  A withered plant (D:3)
487 creatures vanquished.

Grand Total: 649 creatures vanquished

Table legend:
 A = Non-vault XP
 B = Vault XP
 C = Vault XP percentage of total XP
 D = Non-vault monster count
 E = Vault monster count
 F = Vault count percentage of total count
                 A         B        C        D         E       F
            +---------+---------+-------+---------+---------+-------
      Total |    3378 |     959 |  22.1 |     114 |      44 |  27.8
            +---------+---------+-------+---------+---------+-------
        D:1 |      39 |       6 |  13.3 |      21 |       3 |  12.5
        D:2 |      42 |       0 |   0.0 |      16 |       0 |   0.0
        D:3 |      54 |       0 |   0.0 |      13 |       0 |   0.0
        D:4 |     254 |       0 |   0.0 |      17 |       0 |   0.0
        D:5 |     544 |      45 |   7.6 |      13 |       6 |  31.6
        D:6 |     881 |     615 |  41.1 |      14 |       9 |  39.1
        D:7 |    1218 |     125 |   9.3 |      16 |       3 |  15.8
        D:8 |     346 |       0 |   0.0 |       4 |       0 |   0.0
      Sewer |       0 |     168 | 100.0 |       0 |      23 | 100.0
            +---------+---------+-------+---------+---------+-------

Illustrated notes

Table legend:
 A = Kills in this place as a percentage of kills in entire the game.
 B = Kills by you in this place as a percentage of kills by you in the entire game.
 C = Kills by friends in this place as a percentage of kills by friends in the entire game.
 D = Other kills in this place as a percentage of other kills in the entire game.
 E = Experience gained in this place as a percentage of experience gained in the entire game.
 F = Experience gained in this place divided by the number of levels of this place that you have seen.
                   A       B       C       D       E      F
               +-------+-------+-------+-------+-------+----------------------
         Total | 100.0 | 100.0 |   N/A |   N/A | 100.0 | 481.9
       Dungeon |  85.4 |  85.4 |   N/A |   N/A |  96.1 | 521.1
         Sewer |  14.6 |  14.6 |   N/A |   N/A |   3.9 | 168.0
               +-------+-------+-------+-------+-------+----------------------

Table legend: (Time is in decaauts)
 A = Elapsed time spent in this place.
 B = Non-inter-level travel time spent in this place.
 C = Inter-level travel time spent in this place.
 D = Time resting spent in this place.
 E = Time spent auto-exploring this place.
 F = Levels seen in this place.
 G = Mean time per level.
                   A        B        C        D        E       F      G
               +--------+--------+--------+--------+--------+-----+--------+
         Total |   9433 |   9168 |    265 |    440 |   7385 |   9 | 1048.1 |
       Dungeon |   8970 |   8705 |    265 |    432 |   7046 |   8 | 1121.2 |
         Sewer |    463 |    463 |      0 |      8 |    339 |   1 |  463.0 |
               +--------+--------+--------+--------+--------+-----+--------+

Top non-repeatable levels by time:
     D:6: 1750 daAuts
     D:7: 1510 daAuts
     D:1: 1444 daAuts
     D:3: 1384 daAuts
     D:4: 1007 daAuts
     D:2: 889 daAuts
     D:5: 800 daAuts
   Sewer: 463 daAuts
     D:8: 183 daAuts
